 Dungeon Crawl Stone Soup version 0.26.1-11-gd32895ea62 (webtiles) character file.

Game seed: 15327821027401571696

1494 buriedalive the Frost Mage (level 8, 0/41 HPs)
             Began as a Deep Elf Ice Elementalist on June 2, 2021.
             Was an Initiate of Ashenzari.
             Slain by a killer bee zombie (5 damage)
             ... on level 7 of the Dungeon.
             The game lasted 00:15:03 (8494 turns).

buriedalive the Frost Mage (DEIE)                   Turns: 8494, Time: 00:15:03

Health: 0/41       AC:  5    Str:  5    XL:     8   Next: 51%
Magic:  13/14      EV: 18    Int: 23    God:    Ashenzari [......]
Gold:   263        SH:  0    Dex: 18    Spells: 2/13 levels left

rFire    . . .     SeeInvis .   d - +0 dagger (speed)
rCold    . . .     Faith    .   (no shield)
rNeg     . . .     Spirit   .   r - +0 robe {Will+}
rPois    +         Reflect  .   k - +0 helmet
rElec    .         Harm     .   (no cloak)
rCorr    .         Rampage  .   o - +0 pair of gloves
Will     +....                  x - +0 pair of boots
Stlth    ++........             q - amulet of regeneration
HPRegen  0.53/turn              z - ring "Ruim" {rPois Dex+3}
MPRegen  0.14/turn              (no ring)

@: no status effects
A: no striking features
a: Renounce Religion, Curse Item


You were on level 7 of the Dungeon.
You worshipped Ashenzari.
Ashenzari was noncommittal.
You visited 2 branches of the dungeon, and saw 8 of its levels.

You collected 263 gold pieces.

Inventory:

Hand Weapons
 c - a +0 dagger
 d - a +0 dagger of speed (weapon)
Missiles
 g - 202 stones
 t - 4 curare-tipped darts
 v - 25 poisoned darts (quivered)
 w - 2 atropa-tipped darts
Armour
 k - a +0 helmet (worn)
 o - a +0 pair of gloves (worn)
 r - a +0 robe of willpower (worn)
 x - a +0 pair of boots (worn)
Jewellery
 q - an amulet of regeneration (around neck)
 z - the ring "Ruim" (left hand) {rPois Dex+3}
   (You found it on level 4 of the Dungeon)

   [ring of poison resistance]

   It affects your dexterity (+3).
   It protects you from poison.
Wands
 j - a wand of digging (4)
 y - a wand of flame (24)
 C - a wand of iceblast (8)
 E - a wand of disintegration (5)
Scrolls
 f - a scroll of fear
 i - 2 scrolls of teleportation
 p - 6 scrolls of remove curse
 s - a scroll of amnesia {unknown}
 u - 2 scrolls of magic mapping {unknown}
 A - 3 scrolls of identify
 B - a scroll of blinking
 D - 2 scrolls of fog {unknown}
Potions
 a - a potion of might {unknown}
 b - a potion of degeneration {unknown}
 e - 2 potions of brilliance
 h - 4 potions of heal wounds
 l - 2 potions of curing {unknown}
 m - a potion of flight {unknown}
 n - a potion of attraction {unknown}


   Skills:
 + Level 8.4 Dodging
 - Level 2.4 Stealth
 - Level 3.0 Spellcasting
 + Level 4.8 Summonings
 + Level 8.7 Ice Magic


You had 2 spell levels left.
You knew the following spells:

 Your Spells              Type           Power        Failure   Level
a - Freeze                Ice            100%         1%          1
b - Frozen Ramparts       Ice            86%          1%          3
c - Ozocubu's Armour      Ice            43%          1%          3
d - Summon Ice Beast      Ice/Summ       34%          7%          4

Your spell library contained the following spells:

 Spells                   Type           Power        Failure   Level
 Hailstorm                Conj/Ice       23%          19%         4


Dungeon Overview and Level Annotations

Branches:
Dungeon (7/15)             Temple (1/1) D:4

Altars:
Ashenzari
Cheibriados
Dithmenos
Elyvilon
Gozag
Hepliaklqana
Kikubaaqudgha
Makhleb
Nemelex Xobeh
Qazlal
Sif Muna
Uskayaw
Wu Jian
Xom
Zin
The Shining One

Shops:
D:4 *


Message History

The killer bee zombie is almost destroyed.
The frozen ramparts melt away.
The killer bee zombie hits you.
* * * LOW HITPOINT WARNING * * *
You closely miss the killer bee zombie.
The killer bee zombie is almost destroyed.
The killer bee zombie closely misses you.
The killer bee zombie hits you.
* * * LOW HITPOINT WARNING * * *
Unknown command.
You barely miss the killer bee zombie.
The killer bee zombie is almost destroyed.
The killer bee zombie misses you.
You hit the killer bee zombie but do no damage.
The killer bee zombie is almost destroyed.
The killer bee zombie hits you.
* * * LOW HITPOINT WARNING * * *
You hit the killer bee zombie.
The killer bee zombie is almost destroyed.
The killer bee zombie hits you.
You die...

#...# .####...########
...............#
...............#
...>..........#
##.#....#####.# #.#....#
#.# #.#....# #.#
#.#....# #@# #.#....###
#.Z..# #.....[))# #...!#
###......#)# .......
##.#..#.#.#.##.........
##............#........$
....)..###.#..###...####
##.....###.#..# ...#
#####.........#


You could see a killer bee zombie.

Vanquished Creatures
  An orc warrior (D:6)
  2 ice beasts
  2 ogres
  2 centaurs
  A scorpion (D:3)
  A jelly (D:4)
  2 bullfrog skeletons
  3 orc priests
  3 hounds
  3 orc wizards
  Jessica (D:2)
  2 iguanas
  4 worker ants
  Robin (D:2)
  7 gnolls
  7 adders
  An ooze (D:1)
  An adder skeleton (D:6)
  A worm (D:4)
  6 dart slugs
  3 leopard geckos
  26 orcs
  10 bats
  6 giant cockroaches
  17 goblins
  8 hobgoblins
  12 jackals
  3 kobolds
  7 quokkas
  2 ball pythons
  5 frilled lizards
  A jackal skeleton (D:5)
  A leopard gecko zombie (D:5)
  2 quokka skeletons (D:6)
  A quokka zombie (D:6)
  10 rats
165 creatures vanquished.

Vanquished Creatures (others)
  24 plants
24 creatures vanquished.

Grand Total: 189 creatures vanquished

Notes
Turn   | Place    | Note
-------+----------+-------------------------------------------
     0 | D:1      | buriedalive the Deep Elf Ice Elementalist began the quest
                  | for the Orb.
     0 | D:1      | Reached XP level 1. HP: 10/10 MP: 6/6
   232 | D:1      | Reached XP level 2. HP: 13/15 MP: 4/8
   693 | D:1      | Reached skill level 5 in Ice Magic
   693 | D:1      | Reached XP level 3. HP: 19/19 MP: 9/9
  1166 | D:1      | Learned a level 3 spell: Frozen Ramparts
  1170 | D:1      | Learned a level 3 spell: Ozocubu's Armour
  1610 | D:2      | Reached XP level 4. HP: 22/24 MP: 6/10
  1974 | D:2      | Noticed Jessica
  1978 | D:2      | Killed Jessica
  2014 | D:2      | Noticed Robin
  2060 | D:2      | Reached XP level 5. HP: 19/28 MP: 7/11
  2063 | D:2      | Killed Robin
  2300 | D:2      | Found a sparkling altar of Nemelex Xobeh.
  2521 | D:2      | Reached skill level 5 in Dodging
  2640 | D:2      | Found a faded altar of an unknown god.
  2920 | D:2      | Found a hazy altar of Hepliaklqana.
  3043 | D:3      | Found a shimmering blue altar of Sif Muna.
  3177 | D:3      | Reached XP level 6. HP: 32/32 MP: 5/12
  3358 | D:3      | Found a sparkling altar of Nemelex Xobeh.
  3782 | D:3      | Found a burning altar of Makhleb.
  3783 | D:3      | Found a stormy altar of Qazlal.
  3783 | D:3      | Found an ancient bone altar of Kikubaaqudgha.
  4453 | D:3      | Learned a level 4 spell: Summon Ice Beast
  4583 | D:4      | Found Zin's Purification Station.
  4586 | D:4      | Found a glowing silver altar of Zin.
  4835 | D:4      | Got a sparkling amber ring
  4836 | D:4      | Identified the ring "Ruim" {rPois Dex+3} (You found it on
                  | level 4 of the Dungeon)
  4871 | D:4      | Found a staircase to the Ecumenical Temple.
  4901 | Temple   | Entered the Ecumenical Temple
  5047 | Temple   | Became a worshipper of Ashenzari the Shackled
  5625 | D:4      | Reached skill level 1 in Summonings
  5625 | D:4      | Reached XP level 7. HP: 27/36 MP: 9/13
  5690 | D:5      | Entered Level 5 of the Dungeon
  6887 | D:6      | Reached XP level 8. HP: 38/41 MP: 8/14
  8494 | D:7      | Slain by a killer bee zombie

Illustrated notes

Levels and vault maps discovered:
D:1:      dpeg_arrival_pond, layout_loops_cross, minmay_octomino_j4
D:2:      wad_woods_stonehenge, layout_basic, marbit_many_paths,
          chequers_ecumenical_altar_lobes, uniq_robin, uniq_jessica
D:3:      layout_loops_ring, old_standard_altar,
          nemelex_xobeh_ov_fountains_minmay,
          gammafunk_temple_overflow_forgotten, kennysheep_generic_room_5
D:4:      minmay_clustersquares, layout_basic, zin_purify,
          minmay_temple_entry_waves
D:5:      layout_rooms
D:6:      layout_basic
D:7:      layout_loops_cross, serial_shops, shop
Temple:   nicolae_temple_figure_eight

Skill      XL: |  1  2  3  4  5  6  7  8 |
---------------+-------------------------+-----
Dodging        | 3 4 5 6 7 8 |  8.4
Ice Magic      | 5 6 7 8 |  8.7
Summonings     | 1 3 4 |  4.8
Stealth        | |  2.4
Spellcasting   | |  3.0

Action                   |  1- 3 |  4- 6 |  7- 9 || total
-------------------------+-------+-------+-------++-------
Melee: Dagger            |    62 |   147 |   217 ||   426
Throw: Dart              |       |       |     1 ||     1
 Cast: Freeze            |    38 |    43 |    16 ||    97
       Frozen Ramparts   |     1 |    14 |    21 ||    36
       Ozocubu's Armour  |       |     1 |     9 ||    10
Evoke: Wand              |       |       |    10 ||    10
  Use: Scroll            |       |    11 |       ||    11
 Stab: Sleeping          |     9 |     6 |     2 ||    17
Armor: Robe              |    10 |    25 |    33 ||    68
Dodge: Dodged            |    47 |   134 |   177 ||   358
